 Dungeon Crawl Stone Soup version 0.30-a0-170-g85af917532 (webtiles) character file.

Game seed: 8710667108531596023

409 qw the Chopper (level 6, -5/38 HPs)
             Began as a Gargoyle Fighter on Sept 30, 2022.
             Slain by a gnoll
             ... wielding a +0 spear
             ... led by a gnoll sergeant
              (6 damage)
             ... on level 5 of the Dungeon.
             The game lasted 00:01:28 (4063 turns).

qw the Chopper (Gargoyle Fighter)                   Turns: 4063, Time: 00:01:29

Health: -5/38      AC: 13    Str: 22    XL:     6   Next: 89%
Magic:  6/6        EV:  4    Int:  8    God:
Gold:   316        SH:  0    Dex:  9    Spells: 5/5 levels left

rFire   . . .      SeeInvis .    Y - +5 war axe
rCold   . . .      Faith    .    c - +0 buckler
rNeg    + . .      Spirit   .    m - +0 chain mail
rPois   inf        Reflect  .    (no helmet)
rElec   +          Harm     .    (no cloak)
rCorr   .          Rampage  .    (no gloves)
Will    .....                    (no boots)
Stlth   ..........               a - amulet of the acrobat
HPRegen 0.12/turn                (no ring)
MPRegen 0.10/turn                (no ring)

@: held
A: sickness immunity, AC +4, negative energy resistance 1, electricity
resistance, torment resistance 1, petrification resistance
a: no special abilities


You were on level 5 of the Dungeon.
You visited 2 branches of the dungeon, and saw 6 of its levels.

You collected 316 gold pieces.


Innate Abilities, Weirdness & Mutations

You are immune to sickness and miasma.
Your stone body is resilient. (AC +4)
You are immune to poison.
You resist negative energy. (rN+)
You are resistant to electric shocks. (rElec)
You are resistant to unholy torment.
You are immune to petrification.


   Skills:
 - Level 4.0 Fighting
 + Level 6.0 Axes
 - Level 3.2 Armour
 - Level 1.1 Dodging
 - Level 3.2 Shields


You had 5 spell levels left.
You didn't know any spells.
Your spell library was empty.

Inventory:

Hand Weapons
 j - a +0 flail
 Y - a +5 war axe (weapon)
Missiles
 e - 6 boomerangs (quivered)
Armour
 c - a +0 buckler (worn)
 m - a +0 chain mail (worn)
Jewellery
 a - an amulet of the acrobat (around neck)
Wands
 g - a wand of digging (6)
Scrolls
 k - a scroll of identify
Potions
 d - 2 potions of might
 h - a potion of attraction {unknown}
 i - a potion of haste {unknown}
 n - 2 potions of curing

Dungeon Overview and Level Annotations

Branches:
Dungeon (5/15)             Temple (1/1) D:4

Altars:
Ashenzari
Cheibriados
Dithmenos
Fedhas
Hepliaklqana
Qazlal
Ru
Sif Muna
Wu Jian
Xom
Zin
The Shining One


Message History

There is a stone staircase leading down here.
You climb downwards.
The gnoll sergeant shouts!
The gnoll shouts! x3
There is a stone staircase leading up here.
There are monsters nearby!
Existing waypoints: (1) D:4 (2) Temple Assign waypoint to what number? (0-9, D - delete waypoint) Waypoint 2 re-assigned from Temple to D:5.
Enter note:
4057 ||| STAIRDANCE You block the gnoll sergeant's attack.
The gnoll throws a throwing net.
The throwing net hits you.
You become entangled in the net!
You stop ascending the stairs.
You struggle against the net.
The gnoll sergeant hits you with a +0 spear.
The gnoll hits you but does no damage. x2
You tear a large gash into the net.
The gnoll sergeant hits you with a +0 spear!
The gnoll hits you but does no damage. x2; The gnoll hits you with a +0 whip.
The gnoll hits you with a +0 flail!
You shred the net and break free! You block the gnoll sergeant's attack.
The gnoll hits you but does no damage. The gnoll barely misses you.
The gnoll throws a throwing net.
The throwing net hits you.
You become entangled in the net!
The gnoll hits you with a +0 whip. The gnoll hits you with a +0 flail.
You struggle against the net.
The gnoll sergeant barely misses you. The gnoll hits you but does no damage.
The gnoll completely misses you.
The gnoll hits you from afar with a +0 halberd of venom.
The gnoll hits you but does no damage. The gnoll barely misses you.
You struggle against the net.
The gnoll sergeant hits you but does no damage.
The gnoll hits you but does no damage. The gnoll hits you with a +0 whip.
The gnoll barely misses you. The gnoll hits you but does no damage.
The gnoll barely misses you.
You struggle against the net.
The gnoll sergeant hits you but does no damage.
The gnoll hits you from afar with a +0 spear.
You die...

#.........#
.........###
##..........
#.........#
#.........#
#.........#
#..gggg...#
#..g.@....#
##...g...##
##.....##
#######


You could see a gnoll sergeant and 5 gnolls.

Vanquished Creatures
  A black bear (D:4)
  An orc priest (D:4)
  2 gnoll boudas (D:4)
  11 gnolls
  3 adders (D:2)
  A worm (D:3)
  A dart slug (D:1)
  7 orcs
  9 bats
  4 endoplasms
  3 giant cockroaches
  6 goblins
  5 hobgoblins
  2 jackals (D:1)
  3 quokkas
  8 ball pythons
  8 frilled lizards
  10 kobolds
  8 rats
93 creatures vanquished.

Vanquished Creatures (others)
  13 plants
13 creatures vanquished.

Grand Total: 106 creatures vanquished

Notes
Turn   | Place    | Note
-------+----------+-------------------------------------------
     0 | D:1      | qw the Gargoyle Fighter began the quest for the Orb.
     0 | D:1      | Reached XP level 1. HP: 14/14 MP: 1/1
     0 | D:1      | 0 ||| qw: Version: 0.2-a-12-gaebbb33
     0 | D:1      | 0 ||| qw: Game counter: 1482
     0 | D:1      | 0 ||| qw: Always use a shield: true
     0 | D:1      | 0 ||| qw: God list: Okawaru
     0 | D:1      | 0 ||| qw: Allow faded altars: false
     0 | D:1      | 0 ||| qw: Do Orc after D:15 true
     0 | D:1      | 0 ||| qw: Do second Lair branch before Depths: true
     0 | D:1      | 0 ||| qw: Lair rune preference: random
     0 | D:1      | 0 ||| qw: Plans: Normal, Zot:1-4, God:TSO, Crypt, Tomb,
                  | Pan, Slime:5, Hells, Abyss, Orb
     0 | D:1      | 0 ||| PLANNING D:1-11
    33 | D:1      | 33 ||| Stepping ~*~*~tactically~*~*~ (stealth).
    39 | D:1      | Reached skill level 2 in Axes
    40 | D:1      | 40 ||| Stepping ~*~*~tactically~*~*~ (stealth).
    41 | D:1      | 41 ||| Stepping ~*~*~tactically~*~*~ (stealth).
    42 | D:1      | 42 ||| Stepping ~*~*~tactically~*~*~ (stealth).
    54 | D:1      | 54 ||| Stepping ~*~*~tactically~*~*~ (stealth).
   169 | D:1      | 169 ||| DROPPING +0 club.
   187 | D:1      | Reached XP level 2. HP: 19/19 MP: 2/2
   190 | D:1      | 190 ||| Stepping ~*~*~tactically~*~*~ (stealth).
   411 | D:1      | Found a faded altar of an unknown god.
   532 | D:1      | Reached skill level 3 in Axes
   550 | D:1      | Reached XP level 3. HP: 23/23 MP: 3/3
   756 | D:1      | 756 ||| DROPPING amulet of faith.
   757 | D:1      | 757 ||| READING scroll labelled WUVOIB XIGEMYI.
   757 | D:1      | Identified a scroll of acquirement
   757 | D:1      | 757 ||| ACQUIRING amulet of the acrobat
   757 | D:1      | Acquired an amulet of the acrobat
   759 | D:1      | 759 ||| UPGRADING to amulet of the acrobat.
   764 | D:1      | 764 ||| READING scroll labelled ENEPPA ZUVU.
   765 | D:1      | 765 ||| READING 3 scrolls labelled VAOHUW RO YTE.
   766 | D:1      | 766 ||| READING 2 scrolls of enchant weapon.
   766 | D:1      | 766 ||| ENCHANTING +1 war axe.
   767 | D:1      | 767 ||| READING scroll of enchant weapon.
   767 | D:1      | 767 ||| ENCHANTING +2 war axe.
   768 | D:1      | 768 ||| READING 2 scrolls labelled QYSMOPUATEO.
   769 | D:1      | 769 ||| READING scroll labelled POBUIWN WUCEEH.
   774 | D:1      | 774 ||| READING scroll labelled DILESH HINT.
   775 | D:1      | 775 ||| READING scroll labelled RID WEOPLEJIL FOWU.
   776 | D:1      | 776 ||| DROPPING scroll of vulnerability.
   798 | D:2      | 798 ||| Stepping ~*~*~tactically~*~*~ (hiding).
   802 | D:2      | 802 ||| Stepping ~*~*~tactically~*~*~ (hiding).
   808 | D:2      | Reached XP level 4. HP: 17/28 MP: 4/4
   811 | D:2      | Reached skill level 4 in Axes
  1051 | D:2      | 1051 ||| Stepping ~*~*~tactically~*~*~ (stealth).
  1056 | D:2      | 1056 ||| Stepping ~*~*~tactically~*~*~ (stealth).
  1311 | D:2      | Reached XP level 5. HP: 32/32 MP: 5/5
  1322 | D:2      | 1322 ||| READING scroll of enchant weapon.
  1322 | D:2      | 1322 ||| ENCHANTING +3 war axe.
  1646 | D:2      | 1646 ||| DROPPING amulet of magic regeneration.
  1647 | D:2      | 1647 ||| DRINKING 2 metallic emerald potions.
  1648 | D:2      | 1648 ||| DROPPING potion of magic.
  1784 | D:3      | 1784 ||| Stepping ~*~*~tactically~*~*~ (stealth).
  1789 | D:3      | 1789 ||| Stepping ~*~*~tactically~*~*~ (stealth).
  2025 | D:3      | Found an ornate altar of the Wu Jian Council.
  2162 | D:3      | 2162 ||| READING scroll labelled CIELUG IPSOBIATI.
  2163 | D:3      | 2163 ||| READING scroll labelled JEOMNI QAGH.
  2164 | D:3      | 2164 ||| READING scroll labelled XAETAS VECHI.
  2216 | D:4      | 2216 ||| READING scroll of enchant weapon.
  2216 | D:4      | 2216 ||| ENCHANTING +4 war axe.
  2248 | D:4      | Reached skill level 5 in Axes
  2251 | D:4      | HP: 6/32 [gnoll/+0 spear[a gnoll bouda] (3)]
  2251 | D:4      | HP: 2/32 [gnoll/+0 whip[a gnoll bouda] (4)]
  2252 | D:4      | 2252 ||| READING scroll of teleportation.
  2299 | D:4      | 2299 ||| FLEEEEING.
  2599 | D:4      | 2599 ||| Stepping ~*~*~tactically~*~*~ (stealth).
  2600 | D:4      | 2600 ||| Stepping ~*~*~tactically~*~*~ (stealth).
  2614 | D:4      | 2614 ||| DROPPING +0 whip.
  2656 | D:4      | Found a staircase to the Ecumenical Temple.
  2658 | D:4      | 2658 ||| PLANNING TEMPLE
  2658 | D:4      | 2658 ||| READING scroll labelled FIZOULLESY.
  2659 | D:4      | 2659 ||| DRINKING 2 orange potions.
  2668 | Temple   | Entered the Ecumenical Temple
  2838 | Temple   | 2838 ||| PLANNING D:1-11
  3132 | D:4      | Found a shadowy altar of Dithmenos.
  3190 | D:4      | 3190 ||| Stepping ~*~*~tactically~*~*~ (hiding).
  3195 | D:4      | Reached XP level 6. HP: 38/38 MP: 6/6
  3202 | D:4      | Reached skill level 1 in Dodging
  3202 | D:4      | 3202 ||| Stepping ~*~*~tactically~*~*~ (hiding).
  3204 | D:4      | 3204 ||| Stepping ~*~*~tactically~*~*~ (hiding).
  3212 | D:4      | 3212 ||| Stepping ~*~*~tactically~*~*~ (hiding).
  3213 | D:4      | 3213 ||| Stepping ~*~*~tactically~*~*~ (hiding).
  3215 | D:4      | 3215 ||| Stepping ~*~*~tactically~*~*~ (hiding).
  3216 | D:4      | 3216 ||| Stepping ~*~*~tactically~*~*~ (hiding).
  3218 | D:4      | 3218 ||| Stepping ~*~*~tactically~*~*~ (hiding).
  3570 | D:4      | Noticed a black bear
  3578 | D:4      | Killed a black bear
  3696 | D:4      | 3696 ||| Stepping ~*~*~tactically~*~*~ (stealth).
  3700 | D:4      | 3700 ||| Stepping ~*~*~tactically~*~*~ (stealth).
  3702 | D:4      | 3702 ||| Stepping ~*~*~tactically~*~*~ (hiding).
  3712 | D:4      | Reached skill level 6 in Axes
  3998 | D:4      | 3998 ||| DROPPING scarf of shadows.
  3999 | D:4      | 3999 ||| UPGRADING to +0 chain mail.
  4009 | D:4      | 4009 ||| DROPPING +0 scale mail.
  4010 | D:4      | 4010 ||| READING 2 scrolls of identify.
  4010 | D:4      | 4010 ||| IDENTIFYING metallic dark potion
  4011 | D:4      | 4011 ||| DROPPING potion of flight.
  4056 | D:5      | Entered Level 5 of the Dungeon
  4057 | D:5      | 4057 ||| STAIRDANCE
  4060 | D:5      | HP: 8/38 [gnoll/+0 flail[a gnoll sergeant] (3)]
  4061 | D:5      | HP: 2/38 [gnoll/+0 halberd of venom[a gnoll sergeant] (6)]
  4063 | D:5      | Slain by a gnoll

Levels and vault maps discovered:
D:1:      giann_bridges, layout_rooms, shapermc_ecumenical_altar_venn
D:2:      layout_basic
D:3:      layout_rooms, mainiacjoe_overflow_alcove_2, st_stairs_13,
          minmay_lizard_king
D:4:      layout_basic, nicolae_dithmenos_the_darkroom, temple_fountains,
          serial_bayou_lake_a
D:5:      layout_rooms, minmay_shop_damaged, hangedman_decor_opposing,
          grunt_tough_drop, uniq_pikel
Temple:   nicolae_temple_bog_church

Skill      XL: |  1  2  3  4  5  6 |
---------------+-------------------+-----
Axes           | 2 3 4 5 6 |  6.0
Fighting       | 4 |  4.0
Dodging        | 1 |  1.1
Armour         | |  3.2
Shields        | |  3.2

Action                   |  1- 3 |  4- 6 || total
-------------------------+-------+-------++-------
Melee: War axe           |    62 |   151 ||   213
Throw: Boomerang         |       |    51 ||    51
  Use: Scroll            |     9 |     8 ||    17
       Potion            |       |     2 ||     2
Armor: Scale mail        |    35 |    71 ||   106
       Chain mail        |       |    11 ||    11
Dodge: Dodged            |    32 |    85 ||   117
Block: Buckler           |     9 |    27 ||    36

Table legend:
 A = Non-vault XP
 B = Vault XP
 C = Vault XP percentage of total XP
 D = Non-vault monster count
 E = Vault monster count
 F = Vault count percentage of total count
                 A         B        C        D         E       F
            +---------+---------+-------+---------+---------+-------
      Total |     575 |      10 |   1.7 |      85 |       8 |   8.6
            +---------+---------+-------+---------+---------+-------
        D:1 |      46 |       0 |   0.0 |      28 |       0 |   0.0
        D:2 |     122 |       0 |   0.0 |      23 |       0 |   0.0
        D:3 |      19 |      10 |  34.5 |       9 |       8 |  47.1
        D:4 |     388 |       0 |   0.0 |      25 |       0 |   0.0
            +---------+---------+-------+---------+---------+-------
